[Event "January 9 Late 2024"]
[Site "https://www.chess.com"]
[Date "2024.01.10"]
[Round "8"]
[White "Yurasov, Matfey"]
[Black "Stopa, Jacek"]
[Result "1-0"]
[Board "54"]
[TimeControl "180+1"]
[WhiteFideId "55617603"]
[BlackFideId "1119591"]
[WhiteElo "2562"]
[BlackElo "2778"]
[WhiteTeam "FID"]
[BlackTeam "POL"]
[WhiteClock "0:00:05"]
[BlackClock "0:00:00"]

1. e4 e5 2. Nf3 Nc6 3. Bc4 Bc5 4. O-O Nf6 5. d3 O-O 6. h3 d6 7. c3 a6 8. a4 h6 9. Nbd2 Ba7 10. Re1 Be6 11. Qe2 Ne7 12. Nf1 Bxc4 13. dxc4 Ng6 14. Ng3 a5 15. Nf5 Ne7 16. N3h4 Ng6 17. Qf3 Kh7 18. Bd2 Ng8 19. Qh5 Nf4 20. Bxf4 exf4 21. Qg4 Qg5 22. Qxg5 hxg5 23. Nf3 f6 24. N5d4 Rfe8 25. Rad1 g6 26. Nb5 Bb6 27. Nd2 Nh6 28. Kf1 Re7 29. Re2 g4 30. hxg4 Nxg4 31. Nd4 Kg7 32. g3 Rh8 33. Kg1 fxg3 34. fxg3 Re5 35. Nf3 Reh5 36. Kg2 Rh2+ 37. Nxh2 Rxh2+ 38. Kf3 Ne5+ 39. Ke3 Nxc4+ 40. Kf4 Rh5 41. b3 Ne5 42. Ke3 Ng4+ 43. Kf3 Ne5+ 44. Kg2 Rg5 45. Ne6+ Kh6 46. Nxg5 Kxg5 47. Rh1 Bc5 48. Rh7 Bb6 49. Re7 Nc6 50. Rf7 Ne5 51. Rf8 Ng4 52. Re8 Nh6 53. Kf3 Nf7 54. Re7 Ne5+ 55. Kg2 Nc6 56. Re6 f5 57. exf5 Kxf5 58. Re8 Ne5 59. Rf8+ Ke6 60. Rxe5+ dxe5 61. Kf3 Bc5 62. Re8+ Kf6 63. Ke4 Bd6 64. Rb8 b6 65. Rh8 Kg5 66. Rg8 Kf6 67. g4 Kg5 68. c4 Kh6 69. Kd5 Kg5 70. Ke6 Kxg4 71. Rxg6+ Kf4 72. Kd5 e4 73. Rf6+ Kg5 74. Re6 Kf5 75. Rxe4 c6+ 76. Kd4 Bc5+ 77. Kd3 Kf6 78. Re8 Be7 79. Rc8 c5 80. Rc6+ Ke5 81. Rxb6 Bd6 82. Rb5 Bc7 83. Rxc5+ Kd6 84. Rxc7 1-0

[Event "January 9 Late 2024"]
[Site "https://www.chess.com"]
[Date "2024.01.09"]
[Round "8"]
[White "Przybylski, Wojciech"]
[Black "Leitao, Rafael"]
[Result "0-1"]
[Board "55"]
[TimeControl "180+1"]
[WhiteFideId "1117599"]
[BlackFideId "2101246"]
[WhiteElo "2564"]
[BlackElo "2739"]
[WhiteTeam "POL"]
[BlackTeam "BRA"]
[WhiteClock "0:00:02"]
[BlackClock "0:00:36"]

1. e4 e5 2. Nf3 Nc6 3. Bb5 a6 4. Ba4 Nf6 5. O-O b5 6. Bb3 Bc5 7. Re1 d6 8. h3 O-O 9. c3 Bb6 10. d3 h6 11. Be3 Bxe3 12. fxe3 Na5 13. Bc2 c5 14. Nbd2 Nc6 15. a4 b4 16. Nc4 Be6 17. Nfd2 Rb8 18. Rf1 Qe7 19. a5 d5 20. exd5 Nxd5 21. Ba4 bxc3 22. Bxc6 cxd2 23. Qxd2 Nb4 24. Ba4 e4 25. Ne5 exd3 26. Rac1 Rbd8 27. Qc3 Qg5 28. Kh1 Na2 29. Qxc5 Nxc1 30. Rxc1 Rd5 31. Qxf8+ Kxf8 32. Nf3 Qxe3 33. Re1 Qxe1+ 34. Nxe1 d2 35. Nf3 d1=Q+ 36. Bxd1 Rxd1+ 37. Kh2 Bd5 38. Ne5 Rd2 39. b4 Rxg2+ 40. Kh1 Re2+ 0-1

[Event "January 9 Late 2024"]
[Site "https://www.chess.com"]
[Date "2024.01.09"]
[Round "8"]
[White "Aliakbarov, Anar"]
[Black "Yuan, Qingyu"]
[Result "0-1"]
[Board "56"]
[TimeControl "180+1"]
[WhiteFideId "13401858"]
[BlackFideId "8609772"]
[WhiteElo "2552"]
[BlackElo "2738"]
[WhiteTeam "TUR"]
[BlackTeam "CHN"]
[WhiteClock "0:00:00"]
[BlackClock "0:00:13"]

1. d4 d5 2. c4 e6 3. cxd5 exd5 4. Nc3 c6 5. Qc2 Bd6 6. Nf3 Ne7 7. e4 dxe4 8. Nxe4 Bb4+ 9. Bd2 Bxd2+ 10. Qxd2 O-O 11. Bc4 Nd7 12. O-O Nb6 13. Bb3 Nbd5 14. Ne5 Bf5 15. Nc5 b6 16. Ncd3 Qd6 17. Rac1 Rac8 18. Rfe1 h6 19. h3 Ng6 20. Nxg6 Bxg6 21. Bxd5 Qxd5 22. Nf4 Qg5 23. Re5 Qf6 24. Nxg6 fxg6 25. Qe3 Rcd8 26. Rc4 Rd6 27. Re7 a5 28. a4 Kh7 29. b3 Rfd8 30. Qe5 Rf8 31. f4 Rd5 32. Qxf6 Rxf6 33. g3 g5 34. fxg5 Rxg5 35. g4 Rf4 36. Rxc6 h5 37. Re5 Rxe5 38. dxe5 hxg4 39. hxg4 Rxg4+ 40. Kf2 Rf4+ 41. Ke3 Rb4 42. Rc3 Kg6 0-1

[Event "January 9 Late 2024"]
[Site "https://www.chess.com"]
[Date "2024.01.09"]
[Round "8"]
[White "Serban, Cristian-Stefan"]
[Black "Kosteniuk, Alexandra"]
[Result "1-0"]
[Board "57"]
[TimeControl "180+1"]
[WhiteFideId "1241443"]
[BlackFideId "4128125"]
[WhiteElo "2551"]
[BlackElo "2723"]
[WhiteTeam "ROU"]
[BlackTeam "SUI"]
[WhiteClock "0:00:04"]
[BlackClock "0:00:00"]

1. d4 f5 2. c4 Nf6 3. g3 g6 4. Bg2 Bg7 5. Nc3 O-O 6. Nh3 Nc6 7. O-O d6 8. d5 Ne5 9. b3 Ne4 10. Nxe4 fxe4 11. Rb1 Bf5 12. Be3 Qd7 13. Ng5 Ng4 14. Bxe4 Nxe3 15. fxe3 Bh6 16. Bxf5 Rxf5 17. Ne6 Bxe3+ 18. Kg2 Re5 19. Rf3 c6 20. Qf1 Bh6 21. Rd1 cxd5 22. cxd5 Rc8 23. Rd4 Rxe6 24. dxe6 Qxe6 25. Rc4 Rxc4 26. bxc4 Qxc4 27. Rb3 Qc6+ 28. Qf3 d5 29. Rc3 Qd7 30. Rd3 e6 31. e4 d4 32. e5 Bf8 33. Qf4 Bc5 34. h4 Qd5+ 35. Rf3 Qd7 36. h5 d3 37. hxg6 hxg6 38. Qf6 d2 39. Qxg6+ Kh8 40. Qh6+ Kg8 41. Qg6+ Kh8 42. Rf4 Qd5+ 43. Kh2 Qh1+ 44. Kxh1 d1=Q+ 45. Kh2 Qe2+ 46. Kh3 Qxe5 47. Rh4+ 1-0

[Event "January 9 Late 2024"]
[Site "https://www.chess.com"]
[Date "2024.01.09"]
[Round "8"]
[White "Akobian, Varuzhan"]
[Black "Ferreira, Vitor Hugo Vieira"]
[Result "1-0"]
[Board "58"]
[TimeControl "180+1"]
[WhiteFideId "13300580"]
[BlackFideId "2119765"]
[WhiteElo "2712"]
[BlackElo "2548"]
[WhiteTeam "USA"]
[BlackTeam "BRA"]
[WhiteClock "0:02:08"]
[BlackClock "0:00:43"]

1. d4 d5 2. c4 c6 3. cxd5 cxd5 4. Nf3 Nc6 5. Nc3 Bf5 6. Bf4 e6 7. e3 Bb4 8. Qb3 Qa5 9. Be2 Nge7 10. O-O Ng6 11. Bg3 O-O 12. Rfc1 Rfc8 13. a3 Bxc3 14. Rxc3 Qb6 15. Qxb6 axb6 16. Rb3 Na5 17. Rxb6 Rc2 18. Bd1 Rc4 19. Nd2 Rc6 20. Rxc6 bxc6 21. Rc1 Bd3 22. b3 f6 23. Rc3 Ba6 24. Bc7 Bb7 25. Rc5 Nxb3 26. Nxb3 Rxa3 27. Ra5 1-0

[Event "January 9 Late 2024"]
[Site "https://www.chess.com"]
[Date "2024.01.09"]
[Round "8"]
[White "Mazi, Leon"]
[Black "Tarhan, Adar"]
[Result "0-1"]
[Board "59"]
[TimeControl "180+1"]
[WhiteFideId "14600315"]
[BlackFideId "34544712"]
[WhiteElo "2545"]
[BlackElo "2701"]
[WhiteTeam "SLO"]
[BlackTeam "TUR"]
[WhiteClock "0:00:24"]
[BlackClock "0:00:13"]

1. e4 c6 2. d4 d5 3. Nc3 dxe4 4. Nxe4 Nf6 5. Nxf6+ gxf6 6. Bc4 Bf5 7. Ne2 e6 8. Ng3 Bg6 9. h4 h5 10. Bf4 Nd7 11. c3 Nb6 12. Bb3 Bd6 13. Qf3 f5 14. Ne2 Be7 15. g3 Qd7 16. a4 a6 17. O-O O-O-O 18. c4 f6 19. c5 Nd5 20. Bc4 Rhg8 21. b4 Nxb4 22. Rab1 a5 23. Qb3 Bf7 24. Bd2 Rg4 25. Bxb4 axb4 26. Qxb4 Qc7 27. a5 f4 28. a6 bxa6 29. Bxa6+ Kd7 30. Qd2 fxg3 31. Rb7 gxf2+ 32. Kxf2 Rdg8 33. Rxc7+ Kxc7 34. Qa5+ Kd7 35. Qb6 Rg2+ 36. Ke1 f5 37. Qb7+ Ke8 38. Qc8+ Bd8 39. Bb7 Ke7 40. Bxc6 Ba5+ 41. Kd1 Rxc8 0-1

[Event "January 9 Late 2024"]
[Site "https://www.chess.com"]
[Date "2024.01.09"]
[Round "8"]
[White "Gurevich, Dmitry"]
[Black "Niekras, Dawid"]
[Result "0-1"]
[Board "60"]
[TimeControl "180+1"]
[WhiteFideId "2000407"]
[BlackFideId "1160451"]
[WhiteElo "2542"]
[BlackElo "2692"]
[WhiteTeam "USA"]
[BlackTeam "POL"]
[WhiteClock "0:00:06"]
[BlackClock "0:00:12"]

1. d4 g6 2. e4 Bg7 3. c3 c6 4. Nf3 d5 5. Nbd2 Bg4 6. h3 Bxf3 7. Qxf3 dxe4 8. Nxe4 Nd7 9. Bc4 Ngf6 10. h4 Qa5 11. h5 Qf5 12. Qxf5 gxf5 13. Ng5 e6 14. Bf4 Nd5 15. Bd6 h6 16. Nf3 Bf8 17. Bxf8 Kxf8 18. O-O-O Rg8 19. g3 Ke7 20. Rde1 Kd6 21. Bb3 b5 22. Re2 a5 23. a3 a4 24. Ba2 Rg4 25. Rhe1 Rag8 26. Rh1 Re4 27. Rxe4 fxe4 28. Nd2 f5 29. Re1 N7f6 30. Rh1 Rg5 31. f3 e3 32. Nf1 e2 33. Nd2 Rxg3 34. Re1 Nf4 35. Kc2 N6d5 36. c4 Ne3+ 37. Kc3 Neg2 0-1

[Event "January 9 Late 2024"]
[Site "https://www.chess.com"]
[Date "2024.01.09"]
[Round "8"]
[White "Martinez Ramirez, Lennis"]
[Black "Kopczynski, Michal"]
[Result "1-0"]
[Board "61"]
[TimeControl "180+1"]
[WhiteFideId "3509079"]
[BlackFideId "1124200"]
[WhiteElo "2689"]
[BlackElo "2537"]
[WhiteTeam "CUB"]
[BlackTeam "POL"]
[WhiteClock "0:00:48"]
[BlackClock "0:00:45"]

1. Nf3 d6 2. g3 e5 3. Bg2 f5 4. O-O g6 5. d4 e4 6. Ne1 Bg7 7. c4 Ne7 8. Nc3 O-O 9. f3 exf3 10. Nxf3 Nbc6 11. e3 h6 12. b3 g5 13. Qd3 f4 14. gxf4 gxf4 15. e4 Bg4 16. Ne2 Ng6 17. Kh1 Qd7 18. Bd2 Rae8 19. Rae1 Bh3 20. Rg1 Nce7 21. Nc3 Kh8 22. Qf1 Bxg2+ 23. Qxg2 Rg8 24. Qg4 Qxg4 25. Rxg4 h5 26. Rg5 Bf6 27. Rxh5+ Kg7 28. Rg1 Kf7 29. e5 dxe5 30. dxe5 Bh8 31. Ne4 Ke6 32. Nc5+ Kf7 33. Ng5+ Kf8 34. Nd7+ Kg7 35. Rh7# 1-0

[Event "January 9 Late 2024"]
[Site "https://www.chess.com"]
[Date "2024.01.09"]
[Round "8"]
[White "Khater, Sherif"]
[Black "Msellek, Ilyass"]
[Result "1-0"]
[Board "62"]
[TimeControl "180+1"]
[WhiteFideId "2034280"]
[BlackFideId "675938"]
[WhiteElo "2532"]
[BlackElo "2681"]
[WhiteTeam "USA"]
[BlackTeam "MAR"]
[WhiteClock "0:00:16"]
[BlackClock "0:00:14"]

1. b4 e6 2. Bb2 Nf6 3. b5 a6 4. a4 axb5 5. axb5 Rxa1 6. Bxa1 c6 7. bxc6 bxc6 8. e3 d5 9. Nf3 Be7 10. Ne5 O-O 11. Be2 Qc7 12. O-O Nbd7 13. f4 Bd6 14. Nxd7 Nxd7 15. c4 Bb7 16. Bd3 f5 17. Nc3 Nc5 18. Be2 e5 19. fxe5 Bxe5 20. h3 d4 21. exd4 Bxd4+ 22. Kh1 Qg3 23. Rf3 Qh4 24. Qf1 Nb3 25. Rd3 c5 26. Nd5 Nxa1 27. g3 Qe4+ 28. Bf3 Qe5 29. Qb1 Qxg3 30. Ne7+ Kh8 31. Bxb7 Qh4 32. Nd5 f4 33. Rf3 Nc2 34. Qf1 Ne1 35. Rxf4 Rxf4 36. Nxf4 Bf2 37. Qe2 Qd8 38. Qxf2 Nc2 39. Ne6 Qb8 40. Qf8+ Qxf8 41. Nxf8 Nd4 42. Bd5 g6 43. Ne6 Nf5 44. Nxc5 Kg7 45. Ne4 Kh6 46. Kg2 Nd4 47. Kf2 Nf5 48. Ke2 Kh5 49. Kd3 Kh4 50. c5 Kxh3 51. Be6 Kg4 52. c6 Kf4 53. Bxf5 gxf5 54. c7 fxe4+ 55. Ke2 h5 56. c8=Q h4 57. Qf8+ 1-0

[Event "January 9 Late 2024"]
[Site "https://www.chess.com"]
[Date "2024.01.09"]
[Round "8"]
[White "Kleiman, Jake"]
[Black "Tan, Ralph"]
[Result "0-1"]
[Board "63"]
[TimeControl "180+1"]
[WhiteFideId "2020041"]
[BlackFideId "30966590"]
[WhiteElo "2671"]
[BlackElo "2531"]
[WhiteTeam "USA"]
[BlackTeam "USA"]
[WhiteClock "0:00:22"]
[BlackClock "0:00:23"]

1. e4 c6 2. Nc3 d5 3. Nf3 dxe4 4. Nxe4 Nf6 5. Qe2 Nxe4 6. Qxe4 Nd7 7. Bc4 Nf6 8. Ne5 e6 9. Qe2 b5 10. Bb3 Qc7 11. O-O Bd6 12. d4 O-O 13. a4 c5 14. c3 cxd4 15. cxd4 bxa4 16. Rxa4 Bb7 17. Bg5 Bxe5 18. dxe5 Nd5 19. Rg4 Rfc8 20. Bf6 Nxf6 21. exf6 g6 22. h4 Qb6 23. Bc4 Rc5 24. b3 Rd8 25. Rd1 Bd5 26. Rgd4 Rcc8 27. Qe3 Qc5 28. Qh6 Qf8 29. Qxf8+ Kxf8 30. Bxd5 exd5 31. Rxd5 Re8 32. Rd6 Rb8 33. R1d3 Rb5 34. g3 Rf5 35. R3d5 Rf3 36. Rd3 Rf5 37. R3d5 Rf3 38. Kg2 Rxb3 39. Ra5 Rb6 40. Rxb6 axb6 41. Rb5 Re6 42. Kf3 Rxf6+ 43. Ke4 Ke7 44. f4 h5 45. Kd5 Rf5+ 46. Kc6 Rxb5 47. Kxb5 Kf6 48. Kxb6 Kf5 49. Kc7 Kg4 50. Kd6 Kxg3 51. Ke7 Kxf4 52. Kxf7 Kg4 53. Kxg6 Kxh4 54. Kf5 Kg3 0-1

[Event "January 9 Late 2024"]
[Site "https://www.chess.com"]
[Date "2024.01.09"]
[Round "8"]
[White "Novikova, Galina"]
[Black "Boyer, Mahel"]
[Result "1-0"]
[Board "64"]
[TimeControl "180+1"]
[WhiteFideId "4157095"]
[BlackFideId "45102422"]
[WhiteElo "2526"]
[BlackElo "2669"]
[WhiteTeam "RUS"]
[BlackTeam "FRA"]
[WhiteClock "0:01:22"]
[BlackClock "0:00:02"]

1. e4 c6 2. d4 d5 3. e5 Bf5 4. Nc3 a6 5. Be3 h5 6. Qd2 e6 7. Bd3 Ne7 8. O-O-O Nd7 9. Nf3 b5 10. Nh4 g6 11. Bg5 Rb8 12. f3 c5 13. Nxf5 gxf5 14. dxc5 Nxc5 15. Bf6 Rg8 16. Kb1 Qc7 17. Rhg1 Nc6 18. Bxf5 b4 19. Nxd5 exd5 20. Qxd5 Be7 21. g4 Bxf6 22. exf6 Na5 23. Rge1+ Kf8 24. Re7 Qxe7 25. fxe7+ Kxe7 26. Qd6+ Ke8 27. Qxb8+ Ke7 28. Qd6+ 1-0

[Event "January 9 Late 2024"]
[Site "https://www.chess.com"]
[Date "2024.01.09"]
[Round "8"]
[White "Sherman, Raem"]
[Black "Novik, Maxim"]
[Result "1-0"]
[Board "65"]
[TimeControl "180+1"]
[WhiteFideId "2822288"]
[BlackFideId "4102924"]
[WhiteElo "2663"]
[BlackElo "2519"]
[WhiteTeam "ISR"]
[BlackTeam "LTU"]
[WhiteClock "0:00:18"]
[BlackClock "0:00:09"]

1. e4 c6 2. d4 d5 3. Nd2 dxe4 4. Nxe4 Bf5 5. Ng3 Bg6 6. h4 h6 7. Nf3 e6 8. h5 Bh7 9. Bd3 Bxd3 10. Qxd3 Nf6 11. Bd2 c5 12. Qb3 Qc7 13. O-O-O c4 14. Qb5+ Qc6 15. Qa5 b6 16. Qe5 Nbd7 17. Qe2 Bd6 18. Ne5 Qa4 19. Qxc4 Qxc4 20. Nxc4 Bc7 21. Rhe1 O-O 22. Ne5 b5 23. Nxd7 Nxd7 24. Ne4 Rad8 25. Kb1 f5 26. Nc3 a6 27. Rxe6 Nf6 28. Rxa6 Rxd4 29. Nxb5 Rd7 30. Nxc7 Rxc7 31. Bc3 Nxh5 32. Rad6 Rff7 33. a4 Nf4 34. g3 Ne2 35. Be5 f4 36. Rd8+ Kh7 37. Bxc7 Rxc7 38. Re8 f3 39. Rd3 Rf7 40. Ree3 Ng1 41. a5 g5 42. b4 g4 43. a6 Nh3 44. Rd2 h5 45. b5 h4 46. gxh4 Nf4 47. b6 Ng2 48. Re6 g3 49. fxg3 f2 50. Rxf2 Rxf2 51. b7 Rf1+ 52. Kb2 Ne3 53. Rxe3 Rf6 54. Rb3 Rxa6 55. b8=Q Rf6 56. Qe5 Rf7 57. Qh5+ Kg7 58. Qxf7+ Kxf7 59. Rd3 Ke6 60. Rd1 Ke5 61. c4 Ke4 62. c5 Ke3 63. c6 Ke2 64. Rd8 1-0

[Event "January 9 Late 2024"]
[Site "https://www.chess.com"]
[Date "2024.01.09"]
[Round "8"]
[White "Mullodzhanov, Nathaniel"]
[Black "Sun, Rick"]
[Result "0-1"]
[Board "66"]
[TimeControl "180+1"]
[WhiteFideId "30961580"]
[BlackFideId "30909481"]
[WhiteElo "2514"]
[BlackElo "2648"]
[WhiteTeam "USA"]
[BlackTeam "USA"]
[WhiteClock "0:00:01"]
[BlackClock "0:00:06"]

1. e4 d6 2. d4 Nf6 3. Nc3 Nbd7 4. Nf3 e5 5. dxe5 dxe5 6. Bc4 Be7 7. O-O O-O 8. Be3 c6 9. a4 Qc7 10. h3 h6 11. a5 Re8 12. Qe2 Nf8 13. Rfd1 Ng6 14. Kh2 Bf8 15. g3 Be6 16. Rd2 b5 17. axb6 axb6 18. Rxa8 Bxc4 19. Qxc4 Rxa8 20. b4 Qb7 21. b5 cxb5 22. Qxb5 Nxe4 23. Nxe4 Qxe4 24. Ng1 Rc8 25. Qxb6 Rxc2 26. Rxc2 Qxc2 27. Nf3 Qe4 28. Nd2 Qd5 29. Qb8 Kh7 30. h4 Bc5 31. Bxc5 Qxc5 32. Ne4 Qd5 33. Qb4 f5 34. Nc3 Qd4 35. Qb2 Ne7 36. Qc2 g6 37. Nb5 Qd7 38. Qb3 Nc6 39. h5 gxh5 40. Nc3 Nd4 41. Qd1 Qc6 42. Ne2 Nf3+ 43. Kh3 Ng5+ 44. Kh2 Nf3+ 45. Kh3 Ng5+ 46. Kh2 Kg7 47. Qa1 Nf3+ 48. Kh3 Ng5+ 49. Kh2 Qe6 50. Qa7+ Nf7 51. Qe3 Qf6 52. f4 h4 53. fxe5 Nxe5 54. Qf4 Ng4+ 55. Kg2 Qc6+ 56. Qf3 Ne3+ 57. Kf2 Ng4+ 58. Kg2 h3+ 59. Kg1 Qxf3 60. Nf4 Qxg3+ 61. Kh1 Nf2# 0-1

[Event "January 9 Late 2024"]
[Site "https://www.chess.com"]
[Date "2024.01.09"]
[Round "8"]
[White "Vlassov, Nikolai"]
[Black "Martins, Vinicius Tine"]
[Result "0-1"]
[Board "67"]
[TimeControl "180+1"]
[WhiteFideId "4103360"]
[BlackFideId "2112884"]
[WhiteElo "2645"]
[BlackElo "2512"]
[WhiteTeam "FID"]
[BlackTeam "BRA"]
[WhiteClock "0:00:28"]
[BlackClock "0:00:16"]

1. e4 d6 2. f4 Nf6 3. Nc3 g6 4. Nf3 Bg7 5. e5 dxe5 6. fxe5 Nd5 7. d4 Nxc3 8. bxc3 c5 9. Bc4 Nc6 10. O-O h6 11. Be3 Na5 12. Bxf7+ Kxf7 13. Ng5+ Kg8 14. Nf7 Qd5 15. Nxh8 Kxh8 16. dxc5 Qxd1 17. Raxd1 Be6 18. Bd4 Rd8 19. Rb1 Rd7 20. Rb5 Nc6 21. Rfb1 Nd8 22. a4 Bd5 23. a5 Bc6 24. R5b4 a6 25. Rf1 Kg8 26. g4 Ne6 27. Kf2 Rd8 28. Ke3 Nc7 29. c4 Ne6 30. c3 Rf8 31. Rxf8+ Kxf8 32. h4 Ke8 33. Rb1 Nf8 34. Rf1 e6 35. Re1 Nd7 36. Kf4 Bf8 37. h5 g5+ 38. Kg3 Bxc5 39. Rf1 Be7 40. Kf2 Bd8 41. Ra1 Bc7 42. Ke3 Nxe5 43. Bxe5 Bxe5 44. Kd3 Bf4 45. c5 Ke7 46. Kd4 Bf3 47. Rb1 e5+ 48. Kc4 Kd7 49. Rb6 Bc6 50. Rb1 e4 51. Rd1+ Ke7 52. Kd4 e3 53. Re1 Bf3 54. Rb1 e2 55. Kd3 Bg3 56. Kd2 e1=Q+ 0-1

[Event "January 9 Late 2024"]
[Site "https://www.chess.com"]
[Date "2024.01.09"]
[Round "8"]
[White "Lizak, Peter"]
[Black "Lopusiewicz, Piotr"]
[Result "0-1"]
[Board "68"]
[TimeControl "180+1"]
[WhiteFideId "731595"]
[BlackFideId "1116029"]
[WhiteElo "2635"]
[BlackElo "2511"]
[WhiteTeam "HUN"]
[BlackTeam "POL"]
[WhiteClock "0:00:19"]
[BlackClock "0:00:16"]

1. d4 Nf6 2. Nc3 d5 3. Bf4 c5 4. e3 cxd4 5. exd4 a6 6. Nf3 Nc6 7. Ne5 e6 8. Be2 Nxe5 9. dxe5 Nd7 10. O-O Be7 11. Bd3 b5 12. Re1 Bb7 13. Qh5 g6 14. Qf3 g5 15. Bg3 h5 16. h3 Qc7 17. Ne2 Nxe5 18. Bxe5 Qxe5 19. Ng3 Qf4 20. Qe2 g4 21. h4 Bxh4 22. Nf5 Bf6 23. g3 Qc7 24. c3 O-O-O 25. Nd4 h4 26. Qe3 hxg3 27. Qxg3 Qxg3+ 28. fxg3 Rh3 29. Ne2 Rdh8 30. Rf1 Bd8 31. Kf2 f5 32. Ke3 Bb6+ 33. Kd2 Rh2 34. a4 bxa4 35. Rxa4 R8h3 36. Kd1 Rh1 37. Rxh1 Rxh1+ 38. Kd2 Bd8 39. Bxa6 Bg5+ 40. Kd3 e5 41. Bxb7+ Kxb7 42. c4 Rd1+ 43. Kc2 Rd2+ 44. Kc3 Rxe2 45. cxd5 Re3+ 46. Kc4 Re4+ 47. Kb5 Rxa4 48. Kxa4 f4 0-1

[Event "January 9 Late 2024"]
[Site "https://www.chess.com"]
[Date "2024.01.09"]
[Round "8"]
[White "Garakov, Mikhael"]
[Black "Peczely, Sebastian Zsombor"]
[Result "1-0"]
[Board "69"]
[TimeControl "180+1"]
[WhiteFideId "4169034"]
[BlackFideId "750964"]
[WhiteElo "2632"]
[BlackElo "2509"]
[WhiteTeam "RUS"]
[BlackTeam "HUN"]
[WhiteClock "0:00:04"]
[BlackClock "0:00:00"]

1. e4 c5 2. Nf3 e6 3. c4 Nc6 4. Nc3 Nd4 5. Be2 g6 6. O-O Bg7 7. Nxd4 cxd4 8. Nb5 Qb6 9. Qa4 a6 10. Qa3 Bf8 11. Qa4 Qc6 12. b3 Rb8 13. Nxd4 Qxe4 14. Bb2 Bg7 15. Bf3 Qd3 16. c5 Qxd2 17. Rab1 e5 18. Rfd1 Qf4 19. g3 Qf6 20. Bg2 Ne7 21. Nf3 Qc6 22. Qc4 b5 23. Qc1 Qc7 24. Re1 Nc6 25. Ng5 O-O 26. Ne4 Bb7 27. Nd6 Nd8 28. Nxb7 Nxb7 29. b4 a5 30. a3 axb4 31. axb4 d6 32. c6 Nd8 33. Qc2 Ne6 34. Bd5 Qb6 35. Qb3 Nd4 36. Bxd4 Qxd4 37. Ra1 Qb6 38. Ra5 Rbc8 39. Qf3 Kh8 40. Rea1 f5 41. Ra7 e4 42. Qd1 1-0

[Event "January 9 Late 2024"]
[Site "https://www.chess.com"]
[Date "2024.01.09"]
[Round "8"]
[White "Poltorak, Sebastian"]
[Black "Bellissimo, Joseph F."]
[Result "0-1"]
[Board "70"]
[TimeControl "180+1"]
[WhiteFideId "1199498"]
[BlackFideId "2609843"]
[WhiteElo "2631"]
[BlackElo "2503"]
[WhiteTeam "POL"]
[BlackTeam "CAN"]
[WhiteClock "0:00:00"]
[BlackClock "0:00:45"]

1. d4 Nf6 2. c4 e6 3. Nc3 d5 4. cxd5 exd5 5. Bg5 c6 6. e3 Na6 7. Bxa6 bxa6 8. Qa4 Qb6 9. Bxf6 gxf6 10. Nxd5 Qb7 11. Rc1 Be6 12. Nf4 Qxb2 13. Qxc6+ Ke7 14. Qc5+ Ke8 15. Qc6+ Ke7 16. d5 Rc8 17. Qxc8 Bxc8 18. Rxc8 Kd7 19. Rc4 Bb4+ 20. Rxb4 Qxb4+ 21. Ke2 Qb1 22. Kf3 Rg8 23. h4 f5 24. Rh3 Qe4+ 25. Ke2 Rb8 0-1

[Event "January 9 Late 2024"]
[Site "https://www.chess.com"]
[Date "2024.01.09"]
[Round "8"]
[White "Hungaski, Robert"]
[Black "Al-Tarboush, Ward"]
[Result "0-1"]
[Board "71"]
[TimeControl "180+1"]
[WhiteFideId "2021030"]
[BlackFideId "7601450"]
[WhiteElo "2503"]
[BlackElo "2625"]
[WhiteTeam "USA"]
[BlackTeam "NOR"]
[WhiteClock "0:00:06"]
[BlackClock "0:00:04"]

1. d4 Nf6 2. c4 b6 3. Nc3 Bb7 4. Bg5 e6 5. e3 Bb4 6. Nf3 h6 7. Bh4 g5 8. Bg3 Ne4 9. Rc1 h5 10. h4 Nxg3 11. fxg3 g4 12. Ne5 f6 13. Ng6 Rh6 14. Nf4 Nc6 15. Bd3 f5 16. O-O Qe7 17. Nb5 O-O-O 18. c5 bxc5 19. a3 c4 20. axb4 cxd3 21. d5 exd5 22. Nxd5 Qe5 23. Nbxc7 Kb8 24. b5 Ne7 25. Nf4 Qxe3+ 26. Kh2 Ng6 27. Ncd5 Qd4 28. Qb3 Nxf4 29. Nxf4 Re6 30. Rc4 Qd6 31. Rd1 d2 32. Qc3 Re4 33. Rxe4 fxe4 34. Rxd2 Qc7 35. Qd4 Re8 36. Re2 d6 37. Re3 Qb6 38. Qd2 d5 39. Ne2 Rf8 40. Nd4 Rf1 41. Rc3 Qf6 42. b6 axb6 43. Nb5 Qf2 44. Qxf2 Rxf2 45. Rb3 Bc6 46. Nd4 Kc7 47. Rc3 Rd2 48. Nxc6 Kd6 49. Nb4 Rxb2 50. Nc2 Rb5 51. Rc8 Rc5 52. Rxc5 bxc5 53. Kg1 d4 54. Kf2 Kd5 55. Ke1 c4 56. Kd2 c3+ 57. Kd1 Kc4 58. Na3+ Kb3 59. Nc2 d3 60. Nd4+ Kb2 0-1

[Event "January 9 Late 2024"]
[Site "https://www.chess.com"]
[Date "2024.01.09"]
[Round "8"]
[White "Zhu, Jiner"]
[Black "Pesotskiy, Mikhail"]
[Result "0-1"]
[Board "72"]
[TimeControl "180+1"]
[WhiteFideId "8608059"]
[BlackFideId "34164453"]
[WhiteElo "2617"]
[BlackElo "2500"]
[WhiteTeam "CHN"]
[BlackTeam "RUS"]
[WhiteClock "0:00:02"]
[BlackClock "0:00:06"]

1. e4 e6 2. d4 d5 3. exd5 exd5 4. Nf3 Bd6 5. c4 Nf6 6. Nc3 O-O 7. c5 Be7 8. Bd3 b6 9. b4 a5 10. cxb6 Bxb4 11. Bd2 cxb6 12. a3 Re8+ 13. Ne5 Bd6 14. O-O Bxe5 15. dxe5 Rxe5 16. Bf4 Re8 17. Nb5 Na6 18. Nd6 Rf8 19. Nxc8 Qxc8 20. Be5 Qe6 21. Re1 Nc5 22. Bc2 Nfe4 23. Bd4 Qh6 24. f3 Nf6 25. Re5 Rfe8 26. Be3 Qh4 27. Bg5 Qc4 28. Bxf6 gxf6 29. Rxd5 Re2 30. Bf5 Rae8 31. Rd8 Rxd8 32. Qxd8+ Kg7 33. Qd6 Qh4 34. Rf1 Qg5 35. Bh3 Ne6 36. f4 Qc5+ 37. Qxc5 bxc5 38. Rf3 Rc2 39. Bxe6 fxe6 40. Rd3 Ra2 41. Rc3 Kg6 42. h3 h5 43. Kh2 h4 44. Kg1 a4 45. Kh2 c4 46. Rxc4 Rxa3 47. Rc5 Ra2 48. Ra5 a3 49. Kg1 Ra1+ 50. Kh2 a2 51. Ra8 Kf5 52. Ra4 Kg6 53. Ra5 Kf7 54. Ra7+ Ke8 55. Ra6 Kd7 56. Ra7+ Kc6 57. Ra6+ Kb5 58. Ra8 Kc4 59. Rc8+ Kd3 60. Ra8 Ke3 61. Ra4 Kd3 62. Ra3+ Ke2 63. Ra8 Kf2 64. Ra3 Ke2 65. Ra5 Ke3 66. Ra4 f5 67. g3 hxg3+ 68. Kg2 e5 69. fxe5 f4 70. Ra3+ Ke4 71. e6 f3+ 72. Kxg3 Rg1+ 73. Kf2 a1=Q 74. Rxa1 Rxa1 75. e7 Ra8 76. h4 Re8 77. h5 Rxe7 0-1

[Event "January 9 Late 2024"]
[Site "https://www.chess.com"]
[Date "2024.01.09"]
[Round "8"]
[White "Suich, Peter D"]
[Black "Pinheiro, Iung Alicio de O."]
[Result "0-1"]
[Board "73"]
[TimeControl "180+1"]
[WhiteFideId "2050366"]
[BlackFideId "2104350"]
[WhiteElo "2497"]
[BlackElo "2611"]
[WhiteTeam "USA"]
[BlackTeam "BRA"]
[WhiteClock "0:00:23"]
[BlackClock "0:00:07"]

1. d4 Nf6 2. c4 e6 3. g3 c5 4. d5 exd5 5. cxd5 d6 6. Nc3 g6 7. Bg2 Bg7 8. Nf3 O-O 9. O-O Re8 10. Bf4 a6 11. a4 Ne4 12. Nxe4 Rxe4 13. Nd2 Rb4 14. a5 g5 15. Be3 Bf5 16. Ra4 Rxa4 17. Qxa4 Nd7 18. Nc4 Ne5 19. Nb6 Rb8 20. b4 cxb4 21. Qxb4 Qe7 22. Rc1 h6 23. h3 Re8 24. Nc4 Nxc4 25. Rxc4 Rc8 26. Rxc8+ Bxc8 27. Qc4 Bf5 28. Kh2 Be5 29. Bb6 Kg7 30. e4 Bg6 31. Bd4 Qf6 32. Bxe5 Qxe5 33. Qb4 h5 34. Qxb7 Bxe4 35. Bxe4 Qxe4 36. Qxa6 Qxd5 37. Qb6 h4 38. Qb2+ Kg6 39. a6 hxg3+ 40. fxg3 Qa5 41. Qc2+ f5 42. Qc6 Qd2+ 43. Qg2 Qa5 44. Qe2 Kf6 45. Qc4 Qd2+ 46. Kg1 Qe1+ 47. Kg2 Qd2+ 48. Kf1 Qa5 49. Qd4+ Ke6 50. a7 Qa6+ 51. Kf2 Qa2+ 52. Kf3 Qa6 53. g4 Qf1+ 54. Ke3 f4+ 55. Kd2 Qg2+ 56. Kc3 Qb7 57. Qa4 Qf3+ 58. Kb4 Qe4+ 59. Kb5 Qb7+ 60. Kc4 Qe4+ 61. Kb3 Qd3+ 62. Ka2 Qd2+ 63. Ka3 Qc1+ 64. Ka2 Qd2+ 65. Kb1 Qe1+ 66. Kc2 Qe2+ 67. Kc1 Qe1+ 68. Kb2 Qd2+ 69. Qc2 Qd4+ 70. Qc3 Qxa7 71. Qb3+ d5 72. Qd3 Qf2+ 73. Kb1 Qe1+ 74. Kc2 Qe4 75. Kd2 Qxd3+ 76. Kxd3 Ke5 77. Kd2 Ke4 78. Ke2 d4 79. Kf2 d3 80. h4 gxh4 81. g5 Kf5 0-1